 Dungeon Sprint DCSS version 0.19-a0-1401-g902f63d (webtiles) character file.

11688697 poirepourri the Skullcrusher (level 23, 175/175 HPs)
             Began as a Gargoyle Fighter on Sept 4, 2016.
             Was the Champion of Cheibriados.
             Escaped with the Orb
             ... and 5 runes!
             The game lasted 00:34:12 (14285 turns).

poirepourri the Skullcrusher (Gargoyle Fighter)    Turns: 14285, Time: 00:34:13

Health: 175/175    AC: 57    Str: 48    XL:     23   Next: 90%
Magic:  51/51      EV: 38    Int: 23    God:    Cheibriados [******]
Gold:   726        SH: 38    Dex: 35    Spells: 4 memorised, 48 levels left

rFire  + + +     SeeInvis .     J - +1 morningstar of the Onslaught {crush, Int-3 Dex+9}
rCold  . . .     Gourm    .     r - +0 plate armour
rNeg   + + .     Faith    .     P - +3 large shield {rN+}
rPois  ∞         Spirit   .     O - +2 helmet
rElec  +         Dismiss  .     D - +0 cloak
rCorr  .         Reflect  .     t - +1 pair of gloves
MR     +....     Harm     .     s - +1 pair of boots
Stlth  .......... Rnd*Rage +    X - amulet "Usiri" {+Blink rElec Regen+ Str+7} NoTele +
                                E - ring of protection from fire
                                W - ring of Qaxki {*Confuse rF++ AC+3}

@: very slow
A: big wings, large bone plates 1, berserk 1, negative energy resistance 1,
electricity resistance, unbreathing, petrification resistance, rot immunity,
subdued magic 2, AC +17
a: Fly, Bend Time, Temporal Distortion, Slouch, Step From Time, Renounce
Religion, Evoke Blink
0: Orb of Zot
}: 5/15 runes: decaying, serpentine, barnacled, silver, gossamer


You escaped.
You worshipped Cheibriados.
Cheibriados was exalted by your worship.
You were not hungry.

You visited 1 branch You collected 1962 gold pieces.
You spent 1236 gold pieces at shops.

Inventory:

Hand Weapons
 u - a +6 morningstar of protection
 J - the +1 morningstar of the Onslaught (weapon) {crush, Int-3 Dex+9}
   (You found it in the Dungeon)

   It inflicts extra damage upon your enemies.
   It affects your intelligence (-3).
   It affects your dexterity (+9).
Missiles
 B - 181 bolts
 U - 49 stones (quivered)
Armour
 b - a +0 scale mail
 c - a +0 shield
 r - a +0 plate armour (worn)
 s - a +1 pair of boots (worn)
 t - a +1 pair of gloves (worn)
 D - a +0 cloak (worn)
 O - a +2 helmet (worn)
 P - a +3 large shield of positive energy (worn)
Jewellery
 d - a +2 ring of slaying
 p - a +2 ring of evasion
 q - a +2 ring of evasion
 w - a +6 ring of protection
 E - a ring of protection from fire (right hand)
 F - an uncursed ring of ice
 G - an uncursed ring of fire
 H - an uncursed ring of see invisible
 I - an uncursed ring of resist corrosion
 K - a +6 ring of dexterity
 L - a +4 ring of evasion
 M - a +2 ring of slaying
 N - a +6 ring of strength
 V - the amulet of Noon {+Rage rF+}
   (You found it in the Dungeon)

   [amulet of rage]

   It protects you from fire.
   It lets you go berserk.
 W - the ring of Qaxki (left hand) {*Confuse rF++ AC+3}
   (You found it in the Dungeon)

   [ring of protection]

   It affects your AC (+3).
   It greatly protects you from fire.
   It may confuse you when you take damage.
 X - the amulet "Usiri" (around neck) {+Blink rElec Regen+ Str+7}
   (You found it in the Dungeon)

   [amulet of regeneration]

   It affects your strength (+7).
   It insulates you from electricity.
   It lets you blink.
   It increases your rate of regeneration.
 Y - the ring of Soegaudi {rPois rC+}
   (You found it in the Dungeon)

   [ring of protection from cold]

   It protects you from cold.
   It protects you from poison.
 Z - the amulet of Seryide {Dismiss *Drain rPois rF+ Slay+2}
   (You found it in the Dungeon)

   [amulet of dismissal]

   It may teleport away creatures that harm you.
   It affects your accuracy and damage with ranged weapons and melee attacks
   (+2).
   It protects you from fire.
   It protects you from poison.
   It causes draining when unequipped.
Wands
 o - a wand of acid (15/15)
Scrolls
 k - a scroll of blinking
 m - 3 scrolls of remove curse
 n - 3 scrolls of amnesia
 x - 4 scrolls of fog
 z - 2 scrolls of fear
 Q - a scroll of identify
 R - 2 scrolls of recharging
Potions
 g - a potion of brilliance
 i - 2 potions of magic
Books
 l - a book of Clouds

   Spells                             Type                      Level
   a - Mephitic Cloud                 Conjuration/Poison/Air       3
   b - Conjure Flame                  Conjuration/Fire             3
   c - Poisonous Cloud                Conjuration/Poison/Air       6
   d - Freezing Cloud                 Conjuration/Ice/Air          6
   e - Ring of Flames                 Charms/Fire                  7
Miscellaneous
 a - a fan of gales
Comestibles
 f - 13 bread rations
 A - 43 fruits
 C - 4 meat rations


   Skills:
 O Level 27 Fighting
 O Level 27 Maces & Flails
 - Level 2.0 Throwing
 O Level 27 Armour
 O Level 27 Dodging
 O Level 27 Shields
 - Level 1.9 Unarmed Combat
 + Level 24.4 Spellcasting
 + Level 20.2 Conjurations
 + Level 21.1 Charms
 + Level 18.6 Fire Magic
 + Level 11.6 Ice Magic
 + Level 13.0 Air Magic
 + Level 20.2 Poison Magic
 O Level 27 Invocations
 O Level 27 Evocations


You had 48 spell levels left.
You knew the following spells:

 Your Spells              Type           Power        Failure   Level  Hunger
a - Mephitic Cloud        Conj/Pois/Air  ######..     0%          3    None
b - Ring of Flames        Chrm/Fire      ######....   1%          7    ####...
c - Freezing Cloud        Conj/Ice/Air   ######....   1%          6    None
d - Poisonous Cloud       Conj/Pois/Air  ######....   1%          6    None


Dungeon Overview and Level Annotations

Branches:
Dungeon (1/1)

Altars:
Cheibriados
Dithmenos
Elyvilon
Fedhas
Gozag
Hepliaklqana
Kikubaaqudgha
Makhleb
Nemelex Xobeh
Okawaru
Qazlal
Ru
Sif Muna
Trog
Uskayaw
Vehumet
Xom
Yredelemnul
Zin
The Shining One
Beogh
Jiyva
Lugonu

Shops:
D =*%%


Innate Abilities, Weirdness & Mutations

You are resistant to torment.
Your stone body is resilient. (AC +17)
You are immune to poison.
Your large and strong wings let you fly indefinitely.
You resist negative energy. (rN+)
You are resistant to electric shocks. (rElec)
You can survive without breathing.
You are immune to petrification.
You are immune to rotting.
You are partially covered in large bone plates. (AC +2, SH +2)
You tend to lose your temper in combat.
Your spells are easier to cast, but less powerful.


Message History

The balrug is almost dead.
The balrug gestures at you. The bolt of fire misses you.
Unknown command.
You bludgeon the balrug!!
You kill the balrug!
Cheibriados thoroughly appreciates the change of pace.
Unknown command.
You hit the ice devil but do no damage. You block the ice devil's attack.
You barely miss the ice devil. You block the ice devil's attack.
Unknown command.
You pound the ice devil like an anvil!!!
You kill the ice devil!
Cheibriados appreciates the change of pace.
You see here a demon whip of venom.
There is an open door to the Dungeon here.
Things that are here:
a club; a dagger
There is a staircase leading out of the dungeon here.
You have escaped!

.▓.▓.▓.▓.▓.▓.▓.▓)▓
.▓.▓.▓.▓.▓.▓'▓.▓.▓
.▓.▓.▓.▓.▓.▓.▓.▓.▓
.▓.▓.▓.▓.▓.▓.▓.▓.▓
.▓.▓.▓.▓.▓.▓.▓.▓)▓
.▓.▓.▓.▓.▓.▓.▓.▓.▓
.▓.▓.▓.▓.▓.▓.▓.▓.▓
.▓)▓.▓.▓.▓.▓.▓.▓.▓
...▓...▓...▓...▓@▓
▓▓▓▓▓▓▓▓▓▓▓▓▓▓▓▓▓▓


There were no monsters in sight!

Vanquished Creatures
  A seraph (D)
  5 orbs of fire (D)
  Mara (D)
  An ancient lich (D)
  18 pandemonium lords (D)
  Frederick (D)
  Margery (D)
  Xtahua (D)
  A curse toe (D)
  Nikola (D)
  4 golden dragons (D)
  Jory (D)
  A profane servitor (D)
  3 Brimstone Fiends (D)
  4 electric golems (D)
  5 Hell Sentinels (D)
  4 Ice Fiends (D)
  7 liches (D)
  7 tentacled monstrosities (D)
  45 Orb Guardians (D)
  3 titans (D)
  3 death cobs (D)
  Kirke (D)
  A warmonger (D)
  A fire giant (D)
  2 storm dragons (D)
  7 shadow dragons (D)
  6 greater nagas (D)
  Ilsuiw (D)
  2 daevas (D)
  An iron dragon (D)
  A draconian knight (D)
  3 vault wardens (D)
  2 frost giants (D)
  2 ghost moths (D)
  A draconian zealot (D)
  A draconian shifter (D)
  5 emperor scorpions (D)
  An orc warlord (D)
  A balrug (D)
  Louise (D)
  2 cacodemons (D)
  3 stone giants (D)
  A war gargoyle (D)
  2 draconian annihilators (D)
  3 ironheart preservers (D)
  5 angels (D)
  2 draconian callers (D)
  A very ugly thing (D)
  3 black draconians (D)
  An entropy weaver (D)
  Nessos (D)
  A mottled draconian (D)
  2 green draconians (D)
  2 dire elephants (D)
  A white draconian (D)
  A black sun (D)
  2 lorocyprocas (D)
  3 red draconians (D)
  4 purple draconians (D)
  2 yellow draconians (D)
  2 spark wasps (D)
  8 fire dragons (D)
  7 merfolk impalers (D)
  3 ettins (D)
  Erolcha (D)
  3 merfolk javelineers (D)
  4 yaktaur captains (D)
  A great orb of eyes (D)
  10 hydras (D)
  3 naga warriors (D)
  2 rakshasas (D)
  25 vault guards (D)
  6 ice dragons (D)
  2 hell beasts (D)
  A ghost crab (D)
  Harold (D)
  4 ogre magi (D)
  A merfolk avatar (D)
  2 centaur warriors (D)
  An alligator (D)
  A satyr (D)
  A death knight (D)
  Erica (D)
  2 merfolk aquamancers (D)
  3 deep troll earth magi (D)
  4 tengu warriors (D)
  A deep troll shaman (D)
  A vampire mage (D)
  A shock serpent (D)
  3 orc high priests (D)
  A spriggan berserker (D)
  8 sun demons (D)
  A deep elf knight (D)
  4 hell knights (D)
  4 soul eaters (D)
  7 sixfirhies (D)
  A shadow wraith (D)
  An unseen horror (D)
  8 swamp dragons (D)
  3 infernal demonspawn (D)
  A sea snake (D)
  A naga ritualist (D)
  A giant orange brain (D)
  3 shadow demons (D)
  A shambling mangrove (D)
  2 necromancers (D)
  A phantasmal warrior (D)
  2 orc sorcerers (D)
  6 orc knights (D)
  A mana viper (D)
  3 wolf spiders (D)
  An orb spider (D)
  3 ugly things (D)
  2 griffons (D)
  A salamander (D)
  4 naga magi (D)
  10 moths of wrath (D)
  10 rust devils (D)
  2 sirens (D)
  6 elephants (D)
  A toenail golem (D)
  5 black mambas (D)
  4 vault sentinels (D)
  9 orange demons (D)
  5 smoke demons (D)
  A freezing wraith (D)
  3 spiny frogs (D)
  2 hellions (D)
  11 hellwings (D)
  A tormentor (D)
  A komodo dragon (shapeshifter) (D)
  3 demonic crawlers (D)
  2 yaktaurs (D)
  2 ice devils (D)
  6 red devils (D)
  A komodo dragon (D)
  2 jumping spiders (D)
  A giant leech (D)
  A snapping turtle (D)
  A bog body (D)
  2 merfolk (D)
  2 slime creatures (D)
  A blink frog (D)
  2 dream sheep (D)
  3 boulder beetles (D)
  A redback (D)
  2 ynoxinuls (D)
  Grum (D)
  2 tarantellas (D)
  2 neqoxecs (D)
  5 chaos spawn (D)
  A mottled dragon (D)
  An insubstantial wisp (D)
  A naga (D)
  A water moccasin (D)
  A soldier ant (D)
  14 orc warriors (D)
  2 porcupines (D)
  2 wasps (D)
  A sky beast (D)
  A boggart (D)
  4 wolves (D)
  A crocodile (D)
  2 giant frogs (D)
  A howler monkey (D)
  A crimson imp (D)
  5 quasits (D)
  A jelly (D)
  2 orc priests (D)
  4 orc wizards (D)
  2 iron imps (D)
  3 iguanas (D)
  A worker ant (D)
  7 shadow imps (D)
  7 white imps (D)
  2 ufetubi (D)
  An ooze (D)
  An adder zombie (D)
  12 orcs (D)
  3 bat skeletons (D)
  A goblin (D)
  2 hobgoblins (D)
  A bat (D)
  4 fire vortices (D)
582 creatures vanquished.

Vanquished Creatures (others)
  A hellwing (D)
  A boulder beetle (D)
  6 humans (D)
8 creatures vanquished.

Grand Total: 590 creatures vanquished

Notes
Turn   | Place    | Note
-------+----------+-------------------------------------------
     0 | D        | poirepourri the Gargoyle Fighter began the quest for the Orb.
     0 | D        | Reached XP level 1. HP: 14/14 MP: 1/1
    18 | D        | Reached skill level 5 in Fighting
    18 | D        | Reached XP level 2. HP: 21/21 MP: 2/2
    68 | D        | Reached skill level 1 in Dodging
    68 | D        | Reached XP level 3. HP: 28/28 MP: 3/3
    88 | D        | Reached XP level 4. HP: 34/35 MP: 4/4
    99 | D        | Found a roughly hewn altar of Beogh.
    99 | D        | Found a snail-covered altar of Cheibriados.
    99 | D        | Found a shadowy altar of Dithmenos.
    99 | D        | Found a white marble altar of Elyvilon.
    99 | D        | Found a blossoming altar of Fedhas.
    99 | D        | Found an opulent altar of Gozag.
   100 | D        | Found a hazy altar of Hepliaklqana.
   101 | D        | Found a viscous altar of Jiyva.
   102 | D        | Found an ancient bone altar of Kikubaaqudgha.
   103 | D        | Found a corrupted altar of Lugonu.
   104 | D        | Found a burning altar of Makhleb.
   107 | D        | Became a worshipper of Cheibriados the Contemplative
   110 | D        | Found a sparkling altar of Nemelex Xobeh.
   111 | D        | Found an iron altar of Okawaru.
   112 | D        | Found a stormy altar of Qazlal.
   113 | D        | Found a sacrificial altar of Ru.
   114 | D        | Found a deep blue altar of Sif Muna.
   115 | D        | Found a bloodstained altar of Trog.
   116 | D        | Found a hide-covered altar of Uskayaw.
   117 | D        | Found a radiant altar of Vehumet.
   118 | D        | Found a shimmering altar of Xom.
   119 | D        | Found a basalt altar of Yredelemnul.
   120 | D        | Found a glowing silver altar of Zin.
   121 | D        | Found a glowing golden altar of the Shining One.
   201 | D        | Noticed a sky beast
   209 | D        | Killed a sky beast
   209 | D        | Reached skill level 5 in Maces & Flails
   209 | D        | Reached XP level 5. HP: 41/41 MP: 5/5
   212 | D        | Reached * piety under Cheibriados
   215 | D        | Reached skill level 10 in Fighting
   216 | D        | Reached XP level 6. HP: 48/48 MP: 6/6
   217 | D        | Reached ** piety under Cheibriados
   234 | D        | Noticed a soldier ant
   234 | D        | Noticed a seven-headed hydra
   234 | D        | Noticed a white ugly thing
   234 | D        | Noticed an orc warrior
   249 | D        | Killed a white ugly thing
   249 | D        | Reached *** piety under Cheibriados
   249 | D        | Reached skill level 5 in Dodging
   249 | D        | Reached XP level 7. HP: 24/56 MP: 7/7
   258 | D        | Killed a seven-headed hydra
   258 | D        | Reached skill level 10 in Maces & Flails
   258 | D        | Reached XP level 8. HP: 45/64 MP: 8/8
   270 | D        | Reached **** piety under Cheibriados
   492 | D        | Noticed a spiny frog
   492 | D        | Noticed a black mamba
   492 | D        | Noticed a five-headed hydra
   492 | D        | Noticed a spiny frog
   492 | D        | Noticed a komodo dragon
   496 | D        | Killed a komodo dragon
   496 | D        | Reached XP level 9. HP: 50/70 MP: 9/9
   506 | D        | Killed a five-headed hydra
   506 | D        | Reached ***** piety under Cheibriados
   506 | D        | Reached skill level 15 in Fighting
   508 | D        | Killed a spiny frog
   510 | D        | Killed a black mamba
   515 | D        | Killed a spiny frog
   515 | D        | Reached XP level 10. HP: 42/78 MP: 10/10
   519 | D        | Reached ****** piety under Cheibriados
   680 | D        | Noticed a griffon
   693 | D        | Killed a griffon
   709 | D        | Noticed an elephant
   709 | D        | Noticed an elephant
   709 | D        | Noticed a dire elephant
   709 | D        | Noticed a dire elephant
   709 | D        | Noticed an elephant
   709 | D        | Noticed an elephant
   715 | D        | Killed an elephant
   716 | D        | Noticed an elephant
   722 | D        | Killed a dire elephant
   722 | D        | Reached skill level 15 in Maces & Flails
   725 | D        | Noticed an elephant
   734 | D        | Killed a dire elephant
   734 | D        | Reached skill level 1 in Invocations
   734 | D        | Reached XP level 11. HP: 74/86 MP: 9/11
   838 | D        | Noticed Harold
   852 | D        | Killed Harold
   862 | D        | Noticed Erica
   875 | D        | Killed Erica
  1114 | D        | Noticed an orc knight
  1122 | D        | Killed an orc knight
  1262 | D        | Found Qyuzunt's Food Boutique.
  1262 | D        | Noticed an orc high priest
  1262 | D        | Noticed an orc knight
  1262 | D        | Noticed an orc sorcerer
  1262 | D        | Noticed an orc knight
  1264 | D        | Killed an orc knight
  1265 | D        | Noticed a soul eater
  1268 | D        | Killed an orc sorcerer
  1271 | D        | Noticed an orc knight
  1273 | D        | Noticed an orc sorcerer
  1275 | D        | Killed an orc knight
  1275 | D        | Reached XP level 12. HP: 47/95 MP: 8/15
  1278 | D        | Killed an orc high priest
  1278 | D        | Reached skill level 5 in Invocations
  1283 | D        | Found Haohijum's Food Shop.
  1287 | D        | Found Diasek's Assorted Antiques.
  1289 | D        | Noticed an orc high priest
  1290 | D        | Noticed a sun demon
  1297 | D        | Killed an orc high priest
  1298 | D        | Found Exun's Jewellery Shop.
  1299 | D        | Noticed an orc high priest
  1306 | D        | Killed an orc high priest
  1579 | D        | Bought a +6 ring of protection for 936 gold pieces
  1579 | D        | Bought an uncursed ring of protection from fire for 300 gold pieces
  1649 | D        | Noticed Grum
  1655 | D        | Killed Grum
  1746 | D        | Got the cursed +1 morningstar of the Onslaught {crush, Int-3 Dex+9}
  1807 | D        | Noticed a seven-headed hydra
  1807 | D        | Noticed a tengu warrior
  1813 | D        | Noticed a centaur warrior
  1821 | D        | Killed a tengu warrior
  1825 | D        | Noticed a deep troll earth mage
  1825 | D        | Killed a seven-headed hydra
  1832 | D        | Noticed a deep troll earth mage
  1833 | D        | Killed a centaur warrior
  1843 | D        | Killed a deep troll earth mage
  1843 | D        | Reached skill level 5 in Shields
  1845 | D        | Killed a deep troll earth mage
  2021 | D        | Noticed an ettin
  2022 | D        | Noticed a tengu warrior
  2023 | D        | Noticed a deep troll earth mage
  2026 | D        | Noticed a stone giant
  2028 | D        | Killed an ettin
  2031 | D        | Killed a tengu warrior
  2036 | D        | Killed a deep troll earth mage
  2043 | D        | Killed a stone giant
  2043 | D        | Reached skill level 5 in Armour
  2043 | D        | Reached XP level 13. HP: 102/102 MP: 18/20
  2089 | D        | Noticed Erolcha
  2099 | D        | Killed Erolcha
  2188 | D        | Reached skill level 10 in Invocations
  2615 | D        | Noticed a merfolk javelineer
  2615 | D        | Noticed a merfolk javelineer
  2620 | D        | Noticed a merfolk impaler
  2622 | D        | Killed a merfolk javelineer
  2627 | D        | Killed a merfolk javelineer
  2627 | D        | Reached skill level 10 in Shields
  2648 | D        | Killed a merfolk impaler
  2804 | D        | Noticed an entropy weaver
  2807 | D        | Killed an entropy weaver
  2807 | D        | Gained mutation: Your large and strong wings let you fly indefinitely. [Gargoyle growth]
  2807 | D        | Reached XP level 14. HP: 109/110 MP: 13/24
  3056 | D        | Noticed a frost giant
  3089 | D        | Killed a frost giant
  3089 | D        | Reached skill level 15 in Invocations
  3166 | D        | Reached skill level 10 in Dodging
  3172 | D        | Paralysed by a great orb of eyes for 3 turns
  3347 | D        | Noticed an ironheart preserver
  3353 | D        | Killed an ironheart preserver
  3359 | D        | Noticed an ironheart preserver
  3365 | D        | Noticed a lich
  3381 | D        | Killed a lich
  3384 | D        | Killed an ironheart preserver
  3401 | D        | Noticed a vault warden
  3409 | D        | Noticed an ironheart preserver
  3417 | D        | Killed a vault warden
  3417 | D        | Reached XP level 15. HP: 90/118 MP: 10/27
  3545 | D        | Noticed Frederick
  3546 | D        | Noticed Jory
  3552 | D        | Killed Frederick
  3552 | D        | Reached skill level 10 in Armour
  3593 | D        | Killed Jory
  4223 | D        | Noticed Nikola
  4234 | D        | Killed Nikola
  4300 | D        | Noticed Nessos
  4316 | D        | Killed Nessos
  4362 | D        | Noticed Ilsuiw
  4364 | D        | Reached skill level 15 in Shields
  4426 | D        | Killed Ilsuiw
  4621 | D        | Got a barnacled rune of Zot
  4663 | D        | Reached XP level 16. HP: 125/127 MP: 8/29
  4670 | D        | Got a decaying rune of Zot
  4677 | D        | Noticed a greater naga
  4677 | D        | Noticed a greater naga
  4677 | D        | Noticed a greater naga
  4678 | D        | Noticed a greater naga
  4683 | D        | Killed a greater naga
  4684 | D        | Noticed a greater naga
  4687 | D        | Killed a greater naga
  4690 | D        | Killed a greater naga
  4691 | D        | Noticed a greater naga
  4699 | D        | Killed a greater naga
  4705 | D        | Killed a greater naga
  4712 | D        | Killed a greater naga
  4821 | D        | Got a serpentine rune of Zot
  5049 | D        | Got a gossamer rune of Zot
  5121 | D        | Noticed Mara
  5125 | D        | Noticed poirepourri's illusion
  5161 | D        | Killed Mara
  5442 | D        | Noticed Kirke
  5461 | D        | Killed Kirke
  5498 | D        | Noticed Margery
  5506 | D        | Killed Margery
  5541 | D        | Reached XP level 17. HP: 116/135 MP: 31/31
  5560 | D        | Reached skill level 27 in Maces & Flails
  5715 | D        | Reached skill level 27 in Fighting
  5901 | D        | Noticed a titan
  5901 | D        | Noticed a titan
  5924 | D        | Killed a titan
  5929 | D        | Noticed a titan
  5929 | D        | Killed a titan
  5959 | D        | Killed a titan
  5959 | D        | Reached skill level 15 in Armour
  5964 | D        | Got a silver rune of Zot
  6192 | D        | Got the amulet of Noon {+Rage rF+}
  6194 | D        | Got the ring of Qaxki {*Confuse rF++ AC+3}
  6196 | D        | Got the amulet "Usiri" {+Blink rElec Regen+ Str+7}
  6198 | D        | Got the ring of Soegaudi {rPois rC+}
  6200 | D        | Got the amulet of Seryide {Dismiss *Drain rPois rF+ Slay+2}
  6353 | D        | Noticed Louise
  6362 | D        | Noticed Xtahua
  6367 | D        | Killed Louise
  6371 | D        | Paralysed by Xtahua for 5 turns
  6384 | D        | Paralysed by Xtahua for 3 turns
  6388 | D        | Killed Xtahua
  6388 | D        | Reached skill level 27 in Shields
  6388 | D        | Reached XP level 18. HP: 90/145 MP: 33/33
  6665 | D        | Noticed a lich
  6671 | D        | Killed a lich
  6672 | D        | Noticed a tentacled monstrosity
  6709 | D        | Killed a tentacled monstrosity
  6977 | D        | Noticed a golden dragon
  6977 | D        | Noticed a golden dragon
  6993 | D        | Killed a golden dragon
  7003 | D        | Killed a golden dragon
  7036 | D        | HP: 4/145 [white draconian/chilling blast (37)]
  7057 | D        | Reached skill level 27 in Invocations
  7298 | D        | Reached skill level 1 in Evocations
  7708 | D        | Noticed an electric golem
  7713 | D        | Killed an electric golem
  7935 | D        | Noticed a tentacled monstrosity
  7946 | D        | Killed a tentacled monstrosity
  8216 | D        | Noticed a tentacled monstrosity
  8216 | D        | Noticed a tentacled monstrosity
  8216 | D        | Noticed a golden dragon
  8241 | D        | Killed a golden dragon
  8241 | D        | Reached skill level 15 in Dodging
  8241 | D        | Reached XP level 19. HP: 128/151 MP: 36/36
  8253 | D        | Killed a tentacled monstrosity
  8258 | D        | Killed a tentacled monstrosity
  8605 | D        | Reached skill level 27 in Armour
  8620 | D        | Learned a level 3 spell: Mephitic Cloud
  8628 | D        | Learned a level 7 spell: Ring of Flames
  8650 | D        | Reached skill level 5 in Evocations
  8657 | D        | Noticed a curse toe
  8672 | D        | Killed a curse toe
  8931 | D        | Learned a level 6 spell: Freezing Cloud
  8931 | D        | Noticed an ancient lich
  8945 | D        | Killed an ancient lich
  8947 | D        | Noticed an orb of fire
  8954 | D        | Gained mutation: Armour fits poorly on your strangely shaped body. [an orb of fire]
  8955 | D        | Gained mutation: You have supernaturally acute eyesight. (SInv) [an orb of fire]
  8956 | D        | Gained mutation: You are partially covered in large bone plates. (AC +2, SH +2) [an orb of fire]
  8957 | D        | Killed an orb of fire
  9049 | D        | Noticed an electric golem
  9052 | D        | Noticed an electric golem
  9052 | D        | Noticed a tentacled monstrosity
  9052 | D        | Noticed an orb of fire
  9058 | D        | Killed an electric golem
  9058 | D        | Killed an electric golem
  9059 | D        | Killed an orb of fire
  9059 | D        | Reached XP level 20. HP: 150/157 MP: 21/37
  9060 | D        | Noticed an orb of fire
  9064 | D        | Gained mutation: Your magical capacity is low. (-10% MP) [an orb of fire]
  9064 | D        | Gained mutation: You are weak. (Str -2) [an orb of fire]
  9066 | D        | Noticed an electric golem
  9072 | D        | Noticed an orb of fire
  9076 | D        | Killed an orb of fire
  9576 | D        | Noticed a golden dragon
  9579 | D        | Noticed an orb of fire
  9582 | D        | Gained mutation: You are clumsy. (Dex -2) [an orb of fire]
  9594 | D        | Gained mutation: Potions and wands are less effective at restoring your health. [an orb of fire]
  9600 | D        | Gained mutation: Your body sometimes deteriorates upon taking damage. [an orb of fire]
  9602 | D        | Killed an orb of fire
  9606 | D        | Killed an electric golem
  9606 | D        | Reached skill level 27 in Dodging
  9607 | D        | Killed an orb of fire
  9620 | D        | Killed a golden dragon
  9876 | D        | Reached skill level 15 in Evocations
 10378 | D        | Got the Orb of Zot
 10750 | D        | Reached XP level 21. HP: 32/163 MP: 18/34
 11117 | D        | Noticed Hafetisch the pandemonium lord
 11124 | D        | Killed Hafetisch the pandemonium lord
 11219 | D        | Noticed Ireuf the pandemonium lord
 11237 | D        | Killed Ireuf the pandemonium lord
 11321 | D        | Noticed Nyestruamn the pandemonium lord
 11326 | D        | Paralysed by a giant eyeball for 4 turns
 11334 | D        | Lost mutation: You are clumsy. (Dex -2) [potion of cure mutation]
 11334 | D        | Lost mutation: You are weak. (Str -2) [potion of cure mutation]
 11334 | D        | Lost mutation: Armour fits poorly on your strangely shaped body. [potion of cure mutation]
 11334 | D        | Lost mutation: Your magical capacity is low. (-10% MP) [potion of cure mutation]
 11334 | D        | Lost mutation: Your body sometimes deteriorates upon taking damage. [potion of cure mutation]
 11335 | D        | Lost mutation: You have supernaturally acute eyesight. (SInv) [potion of cure mutation]
 11335 | D        | Lost mutation: Potions and wands are less effective at restoring your health. [potion of cure mutation]
 11340 | D        | Paralysed by a giant eyeball for 4 turns
 11351 | D        | Paralysed by a giant eyeball for 4 turns
 11357 | D        | Was placed under penance by Cheibriados
 11360 | D        | Paralysed by a giant eyeball for 2 turns
 11381 | D        | Killed Nyestruamn the pandemonium lord
 11381 | D        | Was forgiven by Cheibriados
 11381 | D        | Reached skill level 27 in Evocations
 11389 | D        | Reached skill level 1 in Throwing
 11389 | D        | Reached skill level 1 in Unarmed Combat
 11389 | D        | Reached skill level 1 in Spellcasting
 11389 | D        | Reached skill level 1 in Charms
 11389 | D        | Reached skill level 1 in Fire Magic
 11389 | D        | Reached skill level 1 in Air Magic
 11597 | D        | Noticed Wurot the pandemonium lord
 11616 | D        | Killed Wurot the pandemonium lord
 11616 | D        | Reached skill level 5 in Conjurations
 11616 | D        | Reached skill level 5 in Fire Magic
 11616 | D        | Reached skill level 5 in Ice Magic
 11616 | D        | Reached skill level 5 in Poison Magic
 11619 | D        | Reached skill level 5 in Spellcasting
 11636 | D        | Reached skill level 5 in Charms
 11798 | D        | Noticed a profane servitor
 11809 | D        | Reached skill level 5 in Air Magic
 11818 | D        | Killed a profane servitor
 11993 | D        | Noticed Qiptaxt the pandemonium lord
 12011 | D        | Killed Qiptaxt the pandemonium lord
 12011 | D        | Reached skill level 10 in Conjurations
 12051 | D        | Noticed Jiyzy the pandemonium lord
 12067 | D        | Gained mutation: You regenerate slowly when monsters are visible. [a neqoxec]
 12070 | D        | Killed Jiyzy the pandemonium lord
 12116 | D        | Reached skill level 10 in Fire Magic
 12116 | D        | Reached skill level 10 in Ice Magic
 12116 | D        | Reached skill level 10 in Poison Magic
 12116 | D        | Reached XP level 22. HP: 137/169 MP: 19/39
 12122 | D        | Noticed Gulu the pandemonium lord
 12131 | D        | Killed Gulu the pandemonium lord
 12131 | D        | Reached skill level 10 in Spellcasting
 12131 | D        | Reached skill level 10 in Charms
 12173 | D        | Learned a level 6 spell: Poisonous Cloud
 12338 | D        | Gained mutation: You are dopey. (Int -2) [a neqoxec]
 12343 | D        | Gained mutation: Your magical capacity is low. (-10% MP) [mutagenic glow]
 12373 | D        | Noticed Awots the pandemonium lord
 12376 | D        | Gained mutation: Your spells are a little easier to cast, but a little less powerful. [mutagenic glow]
 12411 | D        | Killed Awots the pandemonium lord
 12411 | D        | Reached skill level 10 in Air Magic
 12416 | D        | Gained mutation: Your spells are easier to cast, but less powerful. [mutagenic glow]
 12452 | D        | Gained mutation: Your magical capacity is very low. (-20% MP) [mutagenic glow]
 12477 | D        | Gained mutation: You are covered in fur. (AC +1) [mutagenic glow]
 12550 | D        | Noticed Goniuk the pandemonium lord
 12561 | D        | Killed Goniuk the pandemonium lord
 12561 | D        | Reached skill level 15 in Spellcasting
 12659 | D        | Noticed Ocixtusi the pandemonium lord
 12689 | D        | Killed Ocixtusi the pandemonium lord
 12689 | D        | Reached skill level 15 in Conjurations
 12689 | D        | Reached skill level 15 in Charms
 12714 | D        | Noticed Adghengo the pandemonium lord
 12742 | D        | Killed Adghengo the pandemonium lord
 12742 | D        | Reached skill level 15 in Poison Magic
 12834 | D        | Noticed Faolooso the pandemonium lord
 12845 | D        | Killed Faolooso the pandemonium lord
 12913 | D        | Noticed Dasat the pandemonium lord
 12944 | D        | Killed Dasat the pandemonium lord
 12944 | D        | Reached skill level 15 in Fire Magic
 12944 | D        | Reached XP level 23. HP: 163/175 MP: 35/37
 12982 | D        | Noticed Gogoucy the pandemonium lord
 12994 | D        | Killed Gogoucy the pandemonium lord
 13165 | D        | Noticed Taptuhecui the pandemonium lord
 13189 | D        | Killed Taptuhecui the pandemonium lord
 13425 | D        | Noticed Wom Och the pandemonium lord
 13429 | D        | Noticed Oxenkoich the pandemonium lord
 13429 | D        | Killed Wom Och the pandemonium lord
 13438 | D        | Noticed a golden dragon
 13441 | D        | Was placed under penance by Cheibriados
 13443 | D        | Noticed a golden dragon
 13450 | D        | Killed Oxenkoich the pandemonium lord
 13450 | D        | Was forgiven by Cheibriados
 13453 | D        | Lost mutation: Your magical capacity is very low. (-20% MP) [potion of cure mutation]
 13453 | D        | Lost mutation: You are covered in fur. (AC +1) [potion of cure mutation]
 13453 | D        | Lost mutation: You are dopey. (Int -2) [potion of cure mutation]
 13453 | D        | Lost mutation: You regenerate slowly when monsters are visible. [potion of cure mutation]
 13453 | D        | Lost mutation: Your magical capacity is low. (-10% MP) [potion of cure mutation]
 13530 | D        | Noticed a seraph
 13546 | D        | Killed a seraph
 13837 | D        | Noticed Zoerosep the pandemonium lord
 13851 | D        | Killed Zoerosep the pandemonium lord
 13905 | D        | Gained mutation: You tend to lose your temper in combat. [a cacodemon]
 14285 | D        | Escaped with the Orb!

Vault maps used:
D:        linesprint

Skill      XL: |  1  2  3  4  5  6  7  8  9 10 11 12 13 14 15 16 17 18 19 20 21 22 23 |
---------------+----------------------------------------------------------------------+-----
Fighting       | 5 6 7 9 10 12 14 16 17 19 20 21 22 24 25 27 | 27.0
Maces & Flails | 3 4 5 6 8 10 11 13 15 18 20 21 23 25 26 27 | 27.0
Dodging        | 1 2 3 5 6 7 8 9 10 11 15 24 27 | 27.0
Invocations    | 1 4 9 14 17 19 21 23 27 | 27.0
Shields        | 6 10 13 17 21 27 | 27.0
Armour         | 5 7 9 12 14 15 24 27 | 27.0
Evocations     | 3 7 22 27 | 27.0
Throwing       | 2 |  2.0
Unarmed Combat | 1 |  1.9
Spellcasting   | 9 19 24 | 24.4
Conjurations   | 11 17 20 | 20.2
Charms         | 9 17 21 | 21.1
Fire Magic     | 10 15 18 | 18.6
Ice Magic      | 10 11 | 11.6
Air Magic      | 8 11 13 | 13.0
Poison Magic   | 10 16 20 | 20.2

Action                   |  1- 3 |  4- 6 |  7- 9 | 10-12 | 13-15 | 16-18 | 19-21 | 22-24 || total
-------------------------+-------+-------+-------+-------+-------+-------+-------+-------++-------
Melee: Flail             |    51 |       |       |       |       |       |       |       ||    51
       Morningstar       |       |    35 |    44 |   241 |   373 |   663 |   482 |   635 ||  2473
Throw: Stone             |       |       |       |       |       |       |       |     1 ||     1
 Cast: Mephitic Cloud    |       |       |       |       |       |       |       |     2 ||     2
       Ring of Flames    |       |       |       |       |       |       |       |     1 ||     1
       Poisonous Cloud   |       |       |       |       |       |       |       |     1 ||     1
Invok: Bend Time         |       |       |       |     1 |       |       |       |       ||     1
       Slouch            |       |       |       |     8 |    36 |    38 |    36 |    25 ||   143
Evoke: Fan of gales      |       |       |       |       |       |     1 |       |       ||     1
  Use: Potion            |       |     1 |     2 |     1 |     7 |    15 |     4 |    12 ||    42
       Scroll            |       |       |     2 |     6 |     1 |    11 |     3 |       ||    23
 Stab: Invisible         |       |       |       |       |       |     3 |       |       ||     3
       Confused          |       |       |       |       |       |       |       |     1 ||     1
  Eat: Meat ration       |       |       |       |     1 |     1 |     3 |     2 |     2 ||     9
       Fruit             |       |       |       |     1 |       |       |       |       ||     1
       Beef jerky        |       |       |       |     1 |       |       |       |       ||     1
       Pizza             |       |       |       |       |       |     1 |       |       ||     1
Armor: Scale mail        |    20 |       |       |       |       |       |       |       ||    20
       Plate armour      |       |    18 |    49 |    64 |   128 |   144 |    75 |    79 ||   557
       Skin              |       |       |       |       |       |       |       |     1 ||     1
Dodge: Dodged            |    10 |    11 |    32 |    88 |   167 |   179 |   147 |   180 ||   814
Block: Shield            |    29 |    15 |    36 |   103 |   154 |       |       |       ||   337
       Large shield      |       |       |       |       |   146 |   636 |   515 |   755 ||  2052
